 Dungeon Crawl Stone Soup version 0.31-a0-1098-g6898e65 (webtiles) character file.

Game seed: 5256071034896672054

408 PidgeyThePirate the Covert (level 7, -3/41 HPs)
             Began as a Kobold Brigand on Nov 30, 2023.
             Was an Initiate of Wu Jian.
             Succumbed to their own poison gas
             ... on level 5 of the Dungeon.
             The game lasted 00:10:21 (4014 turns).

PidgeyThePirate the Covert (Kobold Brigand)         Turns: 4014, Time: 00:10:21

Health: -3/41      AC:  5    Str: 10    XL:     7   Next: 13%
Magic:  7/7        EV: 14    Int: 12    God:    Wu Jian [......]
Gold:   232        SH:  0    Dex: 17    Spells: 6/6 levels left

rFire   . . .        a - +3 dagger
rCold   . . .        (no shield)
rNeg    . . .        k - +0 leather armour
rPois   .            n - +0 helmet
rElec   .            c - +0 cloak
rCorr   .            (no gloves)
SInv    .            (no boots)
Will    .....        (no amulet)
Stlth   +++++        g - ring of flight
HPRegen 0.26/turn    (no ring)
MPRegen 0.10/turn

%: no passive effects
@: lethally poisoned (-3 -> -43), about to teleport, flying
A: small, no large weapons, nightstalker 3
a: Renounce Religion


You were on level 5 of the Dungeon.
You worshipped Wu Jian.
Wu Jian was noncommittal.
You visited 2 branches of the dungeon, and saw 6 of its levels.

You collected 232 gold pieces.

Inventory:

Hand Weapons
 a - a +3 dagger (weapon)
Missiles
 d - 10 poisoned darts (quivered)
Armour
 b - a +0 robe
 c - a +0 cloak (worn)
 k - a +0 leather armour (worn)
 n - a +0 helmet (worn)
 t - an orb of light
Jewellery
 g - a ring of flight (left hand)
Scrolls
 f - 10 scrolls of identify {unknown}
 h - a scroll of butterflies {unknown}
 i - a scroll of amnesia {unknown}
 r - a scroll of enchant weapon
 w - a scroll of noise {unknown}
Potions
 j - a potion of lignification {unknown}
 l - 3 potions of attraction {unknown}
 m - a potion of ambrosia {unknown}
 o - 2 potions of cancellation {unknown}
 p - a potion of berserk rage {unknown}
 q - 2 potions of curing {unknown}
 u - a potion of heal wounds {unknown}


   Skills:
 + Level 3.0 Fighting
 + Level 5.0 Short Blades
 + Level 2.3 Throwing
 + Level 1.8 Armour
 + Level 2.3 Dodging
 + Level 8.5 Stealth


You had 6 spell levels left.
You didn't know any spells.
Your spell library was empty.

Dungeon Overview and Level Annotations

Branches:
Dungeon (5/15)             Temple (1/1) D:4

Altars:
Ashenzari
Cheibriados
Elyvilon
Gozag
Kikubaaqudgha
Makhleb
Nemelex Xobeh
Okawaru
Qazlal
Ru
Trog
Wu Jian
Xom
The Shining One

Shops:
D:4 [


Innate Abilities, Weirdness & Mutations

You are small and have problems with some larger weapons.
You are completely attuned to the shadows.


Message History

The poisoned dart closely misses the water moccasin.
The water moccasin bites you.
Throw: 12 darts (poison)
Press: ? - help, Q - select action Shift-Dir - straight line, f/p - water moccasin
Aim: a water moccasin (40% to hit)
You throw a poisoned dart.
The poisoned dart misses the water moccasin.
The water moccasin closely misses you. The water moccasin bites you.
Throw: 11 darts (poison)
Press: ? - help, Q - select action Shift-Dir - straight line, f/p - water moccasin
Aim: a water moccasin (40% to hit)
You throw a poisoned dart.
The poisoned dart barely misses the water moccasin.
The water moccasin closely misses you.
Okay, then.
As you read the scroll labelled ZOABBI XETEU, it crumbles to dust.
It is a scroll of enchant weapon.
Your +2 dagger glows red for a moment.
The water moccasin bites you.
You are poisoned.
The water moccasin poisons you!
The air fills with toxic fumes!
As you read the scroll labelled ESMIXO SECOMA, it crumbles to dust.
It was a scroll of poison.
You feel very sick. The water moccasin bites you.
The water moccasin bites you but does no damage.
As you read the scroll labelled SEIDAITHR TADOU, it crumbles to dust.
You feel strangely unstable.
It was a scroll of teleportation.
You feel sick. The water moccasin bites you.
You are more poisoned.
The water moccasin poisons you!
You are engulfed in poison gas.
You are lethally poisoned!
* * * LOW HITPOINT WARNING * * *
You feel extremely sick. The water moccasin closely misses you.
You are engulfed in poison gas.
You are more poisoned.
* * * LOW HITPOINT WARNING * * *
You die...

#...##.#
##.###.#
#...##.#
#########
##.###.#
#........
#...####
#.#######
##.##
#......#<
#...#
######.##
##.####
#.#
#..@§#
#.##
####§#
#... #S#
#### #.#
...§§§(.(
...#§####
....(. ##
#.#


You could see a water moccasin.

Vanquished Creatures
  An orc warrior (D:4)
  A jelly (D:4)
  2 orc priests
  An orc wizard (D:4)
  4 gnolls (D:2)
  4 adders (D:4)
  2 ufetubi (D:3)
  4 dart slugs
  9 orcs
  13 ball pythons
  2 bats (D:2)
  11 endoplasms
  2 giant cockroaches
  5 goblins
  11 hobgoblins
  10 jackals
  2 quokkas
  3 frilled lizards (D:1)
  9 kobolds
  4 rats
100 creatures vanquished.

Notes
Turn   | Place    | Note
-------+----------+-------------------------------------------
     0 | D:1      | PidgeyThePirate the Kobold Brigand began the quest for the
                  | Orb.
     0 | D:1      | Reached XP level 1. HP: 12/12 MP: 1/1
    36 | D:1      | Reached XP level 2. HP: 11/17 MP: 2/2
   175 | D:1      | Reached skill level 6 in Stealth
   345 | D:1      | Reached XP level 3. HP: 21/21 MP: 3/3
  1286 | D:2      | Reached XP level 4. HP: 27/27 MP: 4/4
  1290 | D:2      | Reached skill level 7 in Stealth
  1324 | D:2      | Found a sparkling altar of Nemelex Xobeh.
  1596 | D:2      | Reached XP level 5. HP: 31/31 MP: 5/5
  1674 | D:2      | Identified the +0 spear of Contention {freeze, Str+3}
  2982 | D:4      | Reached skill level 8 in Stealth
  3072 | D:4      | Found Deseduqi's Antique Armour Shoppe.
  3089 | D:4      | Noticed an orc warrior
  3120 | D:4      | Killed an orc warrior
  3121 | D:4      | Reached skill level 1 in Armour
  3121 | D:4      | Reached XP level 6. HP: 14/36 MP: 6/6
  3241 | D:4      | Found a staircase to the Ecumenical Temple.
  3258 | Temple   | Entered the Ecumenical Temple
  3278 | Temple   | Became a worshipper of the Wu Jian Council
  3534 | D:4      | Reached XP level 7. HP: 40/40 MP: 7/7
  3542 | D:4      | Reached skill level 5 in Short Blades
  3869 | D:4      | Identified the +6 spear "Globulus" {freeze, Fragile +Blink
                  | Dex+4 Stlth+}
  3895 | D:5      | Entered Level 5 of the Dungeon
  4002 | D:5      | Noticed a water moccasin
  4014 | D:5      | Succumbed to their own poison gas

Illustrated notes

Levels and vault maps discovered:
D:1:      tekkud_arrival_beachfront_property, layout_basic
D:2:      layout_loops_ring, basic_altar, serial_glass, glass_columns_b,
          glass_columns_a, feat_on_display, due_unseen_surprise,
          hangedman_abyss_or_decor_lesser_grid
D:3:      layout_basic, skrybe_limestone_x, chequers_garden, dk_vineyard_3
D:4:      layout_basic, temple_green, serial_shops, shop,
          kennysheep_generic_room_12
D:5:      layout_basic, fedhas_altar_1, vehumet_crystals, serial_shops, shop,
          minmay_misc_feat_hallway
Temple:   nicolae_temple_god_jail

Skill      XL: |  1  2  3  4  5  6  7 |
---------------+----------------------+-----
Short Blades   | 3 4 5 |  5.0
Stealth        | 6 7 8 |  8.5
Armour         | 1 |  1.8
Dodging        | 2 |  2.3
Fighting       | 3 |  3.0
Throwing       | |  2.3

Action                     |  1- 3 |  4- 6 |  7- 9 || total
---------------------------+-------+-------+-------++-------
  Melee: Dagger            |    85 |   156 |     8 ||   249
         Punch             |       |     1 |       ||     1
  Throw: Dart              |       |    14 |     6 ||    20
Ability: Lunge             |       |     8 |     1 ||     9
    Use: Scroll            |       |       |     3 ||     3
   Stab: Sleeping          |    22 |    19 |     5 ||    46
         Distracted        |       |     2 |       ||     2
 Armour: Robe              |    28 |       |       ||    28
         Leather armour    |     4 |    77 |     6 ||    87
  Dodge: Dodged            |    38 |   102 |     6 ||   146

Table legend: (Time is in decaauts)
 A = Elapsed time spent in this place.
 B = Non-inter-level travel time spent in this place.
 C = Inter-level travel time spent in this place.
 D = Time resting spent in this place.
 E = Time spent auto-exploring this place.
 F = Levels seen in this place.
 G = Mean time per level.
                   A        B        C        D        E       F      G
               +--------+--------+--------+--------+--------+-----+--------+
         Total |   3972 |   3806 |    166 |      0 |   3043 |   6 |  662.0 |
       Dungeon |   3926 |   3801 |    125 |      0 |   3043 |   5 |  785.2 |
        Temple |     45 |      4 |     41 |      0 |      0 |   1 |   45.0 |
               +--------+--------+--------+--------+--------+-----+--------+

Top non-repeatable levels by time:
     D:1: 1076 daAuts
     D:3: 957 daAuts
     D:2: 907 daAuts
     D:4: 867 daAuts
     D:5: 118 daAuts
  Temple: 45 daAuts
